 Dungeon Crawl Stone Soup version 0.26-a0-663-g36e8fdb655 (webtiles) character file.

Game seed: 2186926522247817684

202 vortex the Magician (level 5, -2/29 HPs)
             Began as a Deep Elf Fire Elementalist on Oct 12, 2020.
             Was an Initiate of Vehumet.
             Slain by an ogre
             ... wielding a +0 giant club
              (15 damage)
             ... on level 4 of the Dungeon.
             The game lasted 00:12:39 (3464 turns).

vortex the Magician (Deep Elf Fire Elementalist)    Turns: 3464, Time: 00:12:39

Health: -2/29      AC:  2    Str:  6    XL:     5   Next: 50%
Magic:  12/13      EV: 14    Int: 20    God:    Vehumet [......]
Gold:   159        SH:  0    Dex: 15    Spells: 4/12 levels left

rFire    . . .     SeeInvis +   g - +0 dagger (vamp)
rCold    . . .     Faith    .   (no shield)
rNeg     . . .     Spirit   .   a - +0 robe
rPois    .         Reflect  .   (no helmet)
rElec    .         Harm     .   (no cloak)
rCorr    .         Rampage  .   (no gloves)
MR       .....                  (no boots)
Stlth    ++........             s - amulet of magic regeneration
HPRegen  0.09/turn              (no ring)
MPRegen  0.38/turn              p - ring of see invisible

@: no status effects
A: no striking features
a: Renounce Religion


You were on level 4 of the Dungeon.
You worshipped Vehumet.
Vehumet was noncommittal.
You visited 2 branches of the dungeon, and saw 5 of its levels.

You collected 159 gold pieces.

Inventory:

Hand Weapons
 g - a +0 vampiric dagger (weapon)
Missiles
 b - 144 stones (quivered)
 d - 5 datura-tipped darts
 e - a throwing net
Armour
 a - a +0 robe (worn)
Jewellery
 p - a ring of see invisible (right hand)
 s - an amulet of magic regeneration (around neck)
Wands
 m - a wand of flame (27)
Scrolls
 h - a scroll of random uselessness {unknown}
 i - a scroll of immolation
 q - a scroll of teleportation
 r - 2 scrolls of enchant armour
 t - a scroll of magic mapping
Potions
 c - a potion of curing {unknown}
 f - 2 potions of stabbing {unknown}
 l - a potion of flight {unknown}
 n - a potion of lignification {unknown}
 o - a potion of heal wounds {unknown}


   Skills:
 + Level 1.4 Fighting
 + Level 1.3 Short Blades
 + Level 3.6 Dodging
 + Level 3.6 Stealth
 + Level 4.1 Spellcasting
 + Level 2.3 Conjurations
 + Level 4.0 Fire Magic


You had 4 spell levels left.
You knew the following spells:

 Your Spells              Type           Power        Failure   Level
a - Foxfire               Conj/Fire      ###.         3%          1
b - Conjure Flame         Conj/Fire      ###.....     11%         3
c - Sticky Flame          Conj/Fire      ###.....     34%         4

Your spell library contained the following spells:

 Spells                   Type           Power        Failure   Level
 Inner Flame              Hex/Fire       ##......     17%         3
 Fireball                 Conj/Fire      ###.......   67%         5


Dungeon Overview and Level Annotations

Branches:
Dungeon (4/15)             Temple (1/1) D:4

Altars:
Ashenzari
Gozag
Makhleb
Okawaru
Ru
Uskayaw
Vehumet
Wu Jian
Xom
The Shining One

Annotations:
D:3 3 runed translucent doors, jabarkas's ghost, weakling FoDe


Message History

You finish memorising.
Spell assigned to 'b'.
Okay, then.
Adjust (i)tems, (s)pells, or (a)bilities?
Adjust which spell?
Okay, then.
You climb upwards.
Welcome back to the Dungeon!
The ogre barely misses you.
There is a staircase to the Ecumenical Temple here.
Casting: Foxfire (safe; 3% risk of failure)
Confirm with . or Enter, or press ? or * to list all spells.
You conjure some foxfire!
The ogre hits you with a +0 giant club!
Ouch! That really hurt!
The foxfire hits the ogre.
The ogre is moderately wounded.
The foxfire hits the ogre.
The ogre is heavily wounded.
Casting: Foxfire (safe; 3% risk of failure)
Confirm with . or Enter, or press ? or * to list all spells.
You conjure some foxfire!
The ogre hits you with a +0 giant club!
Ouch! That really hurt!
You die...

#........# #........#
#.......## #........#
##.....## #........# ###..##
#......... #..##### ##........
##..##..#####ยง......
#####........##........#
..#####.....v...............##
..$.....#...O@.......####..##
###..##.......v......## ####
#. #..>....).......#
##.............##
#.............#
##...........## ##......)..##
#........## ##......##


You could see an ogre.

Vanquished Creatures
  A hound (D:4)
  An orc priest (D:4)
  Jessica (D:2)
  Ijyb (D:3)
  A gnoll (D:1)
  4 dart slugs
  2 leopard geckos (D:1)
  5 orcs
  A bat (D:1)
  5 giant cockroaches
  8 goblins
  8 hobgoblins
  7 jackals
  7 kobolds
  A quokka (D:3)
  3 frilled lizards
  A jackal skeleton (D:4)
  9 rats
66 creatures vanquished.

Vanquished Creatures (others)
  254 foxfires
  5 plants (D:3)
259 creatures vanquished.

Grand Total: 325 creatures vanquished

Notes
Turn   | Place    | Note
-------+----------+-------------------------------------------
     0 | D:1      | vortex the Deep Elf Fire Elementalist began the quest for
                  | the Orb.
     0 | D:1      | Reached XP level 1. HP: 10/10 MP: 6/6
   234 | D:1      | Reached XP level 2. HP: 4/16 MP: 2/8
   670 | D:1      | Reached XP level 3. HP: 18/20 MP: 5/9
  1451 | D:2      | Found a sacrificial altar of Ru.
  1453 | D:2      | Found a burning altar of Makhleb.
  1592 | D:2      | Noticed Jessica
  1612 | D:2      | Killed Jessica
  1612 | D:2      | Reached skill level 1 in Fighting
  1612 | D:2      | Reached XP level 4. HP: 25/25 MP: 0/11
  2453 | D:3      | Noticed Ijyb
  2467 | D:3      | Killed Ijyb
  2683 | D:3      | Reached skill level 1 in Short Blades
  3099 | D:3      | Found a runed translucent gate.
  3107 | D:3      | Reached XP level 5. HP: 29/29 MP: 8/12
  3191 | D:3      | Found an iron altar of Okawaru.
  3221 | D:3      | Found a runed translucent gate.
  3221 | D:3      | Found a runed translucent gate.
  3222 | D:3      | Identified the +7 whip of Emyoges {chaos, Fragile rN+ MR+}
  3222 | D:3      | Noticed jabarkas's ghost (weakling FoDe)
  3403 | D:4      | Found a staircase to the Ecumenical Temple.
  3426 | D:4      | Noticed an ogre
  3430 | Temple   | Entered the Ecumenical Temple
  3437 | Temple   | Became a worshipper of Vehumet
  3449 | Temple   | Learned a level 4 spell: Sticky Flame
  3453 | Temple   | Learned a level 3 spell: Conjure Flame
  3464 | D:4      | Slain by an ogre

Illustrated notes

Levels and vault maps discovered:
D:1:      minmay_arrival_five_plusses, layout_basic
D:2:      layout_loops_ring, nicolae_overflow_hidden_temple, uniq_jessica
D:3:      wad_lake_hut, layout_loops_ring, okawaru_trees_1,
          gammafunk_ghost_nasty_kobolds, uniq_ijyb
D:4:      gammafunk_steamed_eel, layout_cave_pods,
          minmay_temple_entry_proselytizer, kennysheep_generic_room_10
Temple:   cyrus_circular_temple

Skill      XL: |  1  2  3  4  5 |
---------------+----------------+-----
Dodging        | 3 |  3.6
Stealth        | 3 |  3.6
Fighting       | 1 |  1.4
Conjurations   | 2 |  2.3
Short Blades   | 1 |  1.3
Spellcasting   | 4 |  4.1
Fire Magic     | 4 |  4.0

Action                   |  1- 3 |  4- 6 || total
-------------------------+-------+-------++-------
Melee: Short sword       |     2 |     4 ||     6
 Cast: Foxfire           |    83 |    80 ||   163
  Use: Scroll            |       |     6 ||     6
Armor: Robe              |     3 |     2 ||     5
Dodge: Dodged            |     6 |    11 ||    17

Table legend: (Time is in decaauts)
 A = Elapsed time spent in this place.
 B = Non-inter-level travel time spent in this place.
 C = Inter-level travel time spent in this place.
 D = Time resting spent in this place.
 E = Time spent auto-exploring this place.
 F = Levels seen in this place.
 G = Mean time per level.
                   A        B        C        D        E       F      G
               +--------+--------+--------+--------+--------+-----+--------+
         Total |   3500 |   3437 |     63 |      0 |   2997 |   5 |  700.0 |
       Dungeon |   3477 |   3426 |     51 |      0 |   2997 |   4 |  869.2 |
        Temple |     23 |     11 |     12 |      0 |      0 |   1 |   23.0 |
               +--------+--------+--------+--------+--------+-----+--------+

Top non-repeatable levels by time:
     D:1: 1446 daAuts
     D:3: 1139 daAuts
     D:2: 782 daAuts
     D:4: 108 daAuts
  Temple: 23 daAuts
